 Dungeon Crawl Stone Soup version 0.19-a0-922-gae50766 (webtiles) character file.

112 Etesian the Insei (level 4, 0/36 HPs)
             Began as a Draconian Transmuter on July 6, 2016.
             Succumbed to an orc's poison
             ... on level 2 of the Dungeon.
             The game lasted 00:04:40 (2348 turns).

Etesian the Insei (Draconian Transmuter)            Turns: 2348, Time: 00:04:41

Health: 0/36       AC:  7    Str: 12    XL:     4   Next: 64%
Magic:  6/7        EV: 12    Int: 14    God:
Gold:   30         SH:  0    Dex: 12    Spells: 2 memorised, 3 levels left

rFire  . . .     SeeInvis .       - Unarmed
rCold  . . .     Gourm    .     (armour unavailable)
rNeg   . . .     Faith    .     (no shield)
rPois  .         Spirit   .     (helmet restricted)
rElec  .         Dismiss  .     (no cloak)
rCorr  .         Reflect  .     g - +0 pair of gloves
SustAt .         Harm     .     h - +0 pair of boots
MR     .....                    (no amulet)
Stlth  +.........               (no ring)
                                (no ring)

@: lethally poisoned (0 -> -4), very slightly contaminated, drained, invisible,
not resistant to hostile enchantments, very unstealthy
A: unfitting armour, cold-blooded, AC +5
a: no special abilities


You were on level 2 of the Dungeon.
You were not hungry.

You visited 1 branch of the dungeon, and saw 2 of its levels.

You collected 30 gold pieces.

Inventory:

Missiles
 a - 12 arrows
Armour
 g - a +0 pair of gloves (worn)
 h - a +0 pair of boots (worn)
Scrolls
 d - a scroll of teleportation
 l - a scroll of remove curse
Potions
 e - a potion of heal wounds {unknown}
 j - a potion of lignification {unknown}
 k - 2 potions of brilliance {unknown}
Books
 b - a book of Changes

   Spells                             Type                      Level
   a - Beastly Appendage              Transmutation                1
   b - Sticks to Snakes               Transmutation                2
   c - Spider Form                    Transmutation/Poison         3
   d - Ice Form                       Ice/Transmutation            4
   e - Blade Hands                    Transmutation                5
Comestibles
 c - a bread ration
 m - 3 chunks of flesh


   Skills:
 + Level 1.8(1.6) Fighting
 + Level 2.5(2.4) Dodging
 * Level 4.2(4.0) Unarmed Combat
 - Level 2.0(1.8) Spellcasting
 * Level 3.0(2.8) Transmutations


You had 3 spell levels left.
You knew the following spells:

 Your Spells              Type           Power        Failure   Level  Hunger
a - Beastly Appendage     Tmut           #.....       10%         1    ##.....
b - Spider Form           Tmut/Pois      #.........   47%         3    ####...


Dungeon Overview and Level Annotations

Branches:
Dungeon (2/15)

Altars:
Trog


Innate Abilities, Weirdness & Mutations

Your plain brown scales are hard. (AC +5)
Your body does not fit into most forms of armour.
You are cold-blooded and may be slowed by cold attacks.


Message History

You hit the gnoll.
The gnoll is severely wounded.
* * * LOW HITPOINT WARNING * * *
You feel sick. The gnoll closely misses you.
You take 1 damage, and have 2/36 hp.
You hit the gnoll.
You kill the gnoll!
Your base Transmutations skill increases to level 3!
Your horns disappear.
* * * LOW HITPOINT WARNING * * *
You feel sick.
Items here: )) †† a spear of chaos; a dagger of chaos; a rat corpse x2
You take 1 damage, and have 1/36 hp.
* * * LOW HITPOINT WARNING * * *
You feel sick.
Things that are here:
a dagger of chaos; an orc corpse You feel yourself speed up.
You die...

#.##..........#.......
#########
#.##.#################
....÷...# #.##.#
#######.# #....# #
#...####..####
#####.#..........#
...##.#.####.###)#
##....#...######)######
####.#####..##≈@.#..≈#
#.# #..≈≈.###.≈≈#.# #.#
.≈≈..## .#.≈... #.#
#.#≈≈ .≈##⌠## #.# #.≈#
#.. .≈ #.# #.$ ≈.≈# #
#.. .≈ ##≈. ### ≈#⌠≈#


There were no monsters in sight!

Vanquished Creatures
  Terence (D:2)
  A gnoll (D:2)
  2 worms (D:2)
  A dart slug (D:1)
  2 orcs (D:2)
  4 giant cockroaches
  4 goblins
  8 hobgoblins
  13 jackals
  7 kobolds
  A quokka (D:2)
  6 bats
  2 giant newts
  10 rats
62 creatures vanquished.

Notes
Turn   | Place    | Note
-------+----------+-------------------------------------------
     0 | D:1      | Etesian the Draconian Transmuter began the quest for the Orb.
     0 | D:1      | Reached XP level 1. HP: 16/16 MP: 3/3
   175 | D:1      | Reached XP level 2. HP: 22/23 MP: 3/5
   596 | D:1      | Reached XP level 3. HP: 20/28 MP: 4/6
   784 | D:1      | Learned a level 3 spell: Spider Form
  1559 | D:2      | Noticed Terence
  1641 | D:1      | Reached skill level 4 in Unarmed Combat
  2077 | D:2      | Reached XP level 4. HP: 34/35 MP: 7/7
  2216 | D:2      | Killed Terence
  2274 | D:2      | Found a bloodstained altar of Trog.
  2346 | D:2      | HP: 1/36 [poisoned by an orc]
  2348 | D:2      | Succumbed to an orc's poison

Vault maps used:
D:1:      minmay_arrival_stair_chambers
D:2:      tgw_xom, gammafunk_temple_overflow_elements, trog_book, uniq_terence

Skill      XL: |  1  2  3  4 |
---------------+-------------+-----
Dodging        | 2 |  2.5
Unarmed Combat | 4 |  4.2
Transmutations | 3 |  3.0
Fighting       | |  1.8
Spellcasting   | |  2.0

Action                   |  1- 3 |  4- 6 || total
-------------------------+-------+-------++-------
Melee: Unarmed           |   220 |    36 ||   256
       Tailslap          |    17 |     4 ||    21
       Headbutt          |     7 |     4 ||    11
       Kick              |     4 |       ||     4
       Punch             |     2 |       ||     2
 Cast: Beastly Appendage |     7 |     2 ||     9
  Use: Scroll            |     7 |     1 ||     8
       Potion            |       |     3 ||     3
 Stab: Sleeping          |     2 |       ||     2
       Distracted        |     1 |       ||     1
  Eat: Chunk             |     3 |     2 ||     5
Armor: Skin              |    54 |     6 ||    60
Dodge: Dodged            |   142 |    27 ||   169
